AoeStats
← Braggy26564

QS Arena

503714014Analyzed
2v2 RM · 1mo ago on Sep 1, 2026· 91m 17s· 4 players
Game mode
Random Map
Map size
Medium (4 player)
Population
200
Speed
Normal
Resources
Standard
Victory
Conquest
Starting age
Dark Age
Ending age
Imperial Age
RankedLock teamsTeams togetherTeam positionsShared explorationLock speedFull tech treeHidden civsTurbo modeCheats
Victory
Defeat
🇨🇭 Japanese · Switzerland
549
+17
🇨🇷 Bengalis · Costa Rica
510
+19
🇵🇪 Inca · Peru
601
-19
🇦🇷 Inca · Argentina
530
-16
TupacInca 6293
1:05 Loom
8:41 Feudal Age
9:22 Double-Bit Axe
9:27 Horse Collar
18:16 Castle Age
17:53 Gold Mining
17:59 Stone Mining
21:21 Bow Saw
22:05 Bow Saw
22:02 Heavy Plow
31:51 Imperial Age
29:59 Forging
29:49 Scale Mail Armor
29:13 Champi Runner
29:53 Squires
29:39 Arson
31:09 Andean Sling
32:36 Gold Shaft Mining
32:38 Stone Shaft Mining
31:31 Champi Warrior
31:32 Pikeman
31:42 Pikeman
32:26 Capped Ram
38:03 Siege Ram
38:55 Halberdier
42:29 Chemistry
41:49 Ballistics
47:09 Fabric Shields
46:30 Elite Kamayuk
50:27 Iron Casting
50:07 Chain Mail Armor
50:20 Thumb Ring
49:56 Elite Skirmisher
49:56 Crossbowman
50:41 Padded Archer Armor
50:32 Fletching
Braggy26564
8:40 Feudal Age
9:41 Double-Bit Axe
11:07 Wheelbarrow
14:04 Horse Collar
16:20 Gold Mining
16:27 Stone Mining
22:39 Castle Age
20:38 Champi Runner
23:19 Forging
23:07 Champi Warrior
23:09 Crossbowman
24:49 Hand Cart
26:22 Andean Sling
31:29 Squires
31:59 Thumb Ring
32:34 Iron Casting
31:32 Pikeman
31:42 Pikeman
33:09 Heavy Plow
34:00 Bow Saw
38:01 Imperial Age
36:04 Caravan
37:25 Scale Mail Armor
39:07 Capped Ram
43:00 Blast Furnace
41:24 Elite Champi Warrior
45:00 Gold Shaft Mining
44:26 Halberdier
46:25 Elite Kamayuk
51:26 Siege Ram
51:47 Arbalester
55:03 Fabric Shields
58:46 Chemistry
70:45 Chain Mail Armor
75:08 Conscription
75:00 Onager
77:05 Arson
84:01 Plate Mail Armor
Optimus
1:00 Loom
9:38 Feudal Age
10:16 Town Watch
11:16 Wheelbarrow
12:39 Double-Bit Axe
18:02 Castle Age
18:13 Horse Collar
19:12 Gold Mining
19:13 Stone Mining
19:42 Bow Saw
20:34 Light Cavalry
21:25 Bloodlines
22:50 Husbandry
23:00 Bloodlines
22:23 Elite Skirmisher
23:28 Padded Archer Armor
23:29 Scale Mail Armor
23:35 Scale Barding Armor
24:25 Gold Shaft Mining
24:45 Hand Cart
24:48 Town Patrol
27:46 Chain Mail Armor
28:07 Crossbowman
30:51 Squires
30:39 Arson
38:20 Imperial Age
39:22 Murder Holes
39:19 Guard Tower
LGR9126
10:03 Feudal Age
11:41 Double-Bit Axe
13:56 Horse Collar
14:13 Gold Mining
19:22 Castle Age
18:54 Stone Mining
20:59 Bow Saw
20:54 Heavy Plow
21:32 Gold Shaft Mining
25:32 Wheelbarrow
25:51 Caravan
26:50 Town Watch
27:10 Treadmill Crane
28:11 Masonry
28:12 Squires
28:01 Gambesons
27:38 Man-at-Arms
28:05 Arson
33:19 Imperial Age
30:16 Long Swordsman
31:10 Forging
31:03 Scale Mail Armor
32:04 Chain Mail Armor
32:28 Iron Casting
31:46 Fletching
32:54 Town Patrol
35:06 Blast Furnace
34:39 Plate Mail Armor
33:32 Two-Handed Swordsman
34:39 Conscription
34:49 Siege Engineers
35:46 Chemistry
34:39 Arrowslits
35:24 Capped Ram
35:58 Champion
36:50 Bodkin Arrow
37:18 Ballistics
37:50 Hoardings
38:13 Hand Cart
38:06 Bracer
42:28 Elite Samurai
57:43 Murder Holes
69:13 Kataparuto
Connection lost

Rejoining the realm…

Still unreachable

The connection could not be restored.

Session expired

The server has moved on; the page needs a fresh start.